 Dungeon Sprint DCSS version 0.29-a0-1006-g0dd7720b37 (webtiles) character file.

Game seed: 890849348502661014

6183 mhtbhm the Fencer (level 10, -15/153 HPs)
             Began as a White Draconian Gladiator on Aug 6, 2022.
             Was an Initiate of Gozag.
             Demolished by Urug
             ... wielding a +3 vorpal scimitar
              (23 damage)
             ... in the Dungeon (Sprint III: "The Ten Rune Challenge").
             The game lasted 00:05:42 (4277 turns).

mhtbhm the Fencer (White Draconian Gladiator)       Turns: 4277, Time: 00:05:43

Health: -15/153    AC:  8    Str: 20    XL:     10   Next: 60%
Magic:  10/10      EV: 17    Int:  9    God:    Gozag
Gold:   1666       SH:  0    Dex: 13    Spells: 9/9 levels left

rFire   . . .      SeeInvis .   a - +0 long sword (holy)
rCold   + . .      Faith    .   (no shield)
rNeg    . . .      Spirit   .   (body armour unavailable)
rPois   .          Reflect  .   b - +1 hat
rElec   .          Harm     .   (no cloak)
rCorr   .          Rampage  .   (no gloves)
Will    .....      NoTele   +   (no boots)
Stlth   ..........              (no amulet)
HPRegen 0.35/turn               (no ring)
MPRegen 0.12/turn               (no ring)

@: berserking, short of breath, very quick
A: breathe frost, AC +7, unfitting armour, cold resistance 1, cold-blooded
a: Breathe Frost, Renounce Religion, Potion Petition, Call Merchant, Bribe
Branch


You were in the Dungeon.
You worshipped Gozag.
Gozag was most pleased with you.
You visited 1 branch You collected 2624 gold pieces.
You paid 958 gold pieces to Gozag.

Inventory:

Hand Weapons
 a - a +0 long sword of holy wrath (weapon)
Missiles
 c - a throwing net (quivered)
 d - a javelin
Armour
 b - a +1 hat (worn)
Scrolls
 e - a scroll of poison
 n - a scroll of torment {unknown}
Potions
 h - 2 potions of magic
 m - 3 potions of flight
 o - 4 potions of mutation
Miscellaneous
 g - a condenser vane (inert)


   Skills:
 + Level 13.9 Fighting
 + Level 16.6 Long Blades
 + Level 5.0 Throwing
 + Level 12.1 Dodging
 + Level 5.5 Stealth
 + Level 2.6 Evocations


You had 9 spell levels left.
You didn't know any spells.
Your spell library contained the following spells:

 Spells                   Type           Power      Damage    Failure   Level
 Static Discharge         Conj/Air       0%         3-3/arc   52%         2
 Dispel Undead            Necr           0%         3d6       99%         4
 Sticky Flame             Conj/Fire      0%         2d3       99%         4


Dungeon Overview and Level Annotations

Branches:
Dungeon (1/1)

Altars:
Cheibriados
Dithmenos
Elyvilon
Fedhas
Gozag
Hepliaklqana
Kikubaaqudgha
Makhleb
Nemelex Xobeh
Okawaru
Qazlal
Ru
Sif Muna
Trog
Uskayaw
Vehumet
Wu Jian
Xom
Yredelemnul
Zin
The Shining One
Jiyva
Lugonu

Annotations:
D Urug


Innate Abilities, Weirdness & Mutations

You can breathe waves of freezing cold which knock back foes.
Your icy white scales are hard. (AC +7)
You cannot fit into any form of body armour.
Your flesh is cold resistant. (rC+)
You are cold-blooded and may be slowed by cold attacks.


Message History

You are too injured to fight recklessly!
You are too injured to fight recklessly!
You are too injured to fight recklessly!
You are too injured to fight recklessly!
You are too injured to fight recklessly!
You are too injured to fight recklessly!
You are too injured to fight recklessly!
You are too injured to fight recklessly!
You are too injured to fight recklessly!
Aiming: Breathe Frost (3% risk of failure)
Press: ? - help, Shift-Dir - straight line, f - Urug
Aim: Urug, wielding a +3 vorpal scimitar, wearing a +0 scale mail and quivering javelins (lightly wounded, 60% to hit)
You exhale a wave of freezing cold.
The freezing breath hits Urug.
Urug is moderately wounded.
Urug is blown backwards by the freezing wind.
Urug slams into the rock wall!
Unknown command.
Clouds of freezing vapour condense around you!
The condenser dries out!
Urug is engulfed in freezing vapours.
Urug hits you with a +3 vorpal scimitar!!
* * * LOW HITPOINT WARNING * * *
x2 Unknown command.
Okay, then. [a] - 192 gold - might and brilliance [b] - 200 gold - heal wounds and berserk rage [c] - 442 gold - brilliance, magic and heal wounds Purchase which effect?
You feel much better.
A red film seems to cover your vision as you go berserk!
You feel yourself moving faster!
You feel mighty!
Urug is engulfed in freezing vapours.
Urug hits you with a +3 vorpal scimitar!!
* * * LOW HITPOINT WARNING * * *
x2 Unknown command.
You hit Urug.
Urug is severely wounded.
Urug is engulfed in freezing vapours.
Urug hits you with a +3 vorpal scimitar!!
You die...
Your body crumbles into a pile of gold.

♣.....♣♣♣♣~~~........~~~...##.#
~♣♣F§§≈F+♣♣'♣≈≈≈≈≈≈≈≈≈≈≈≈♣♣P.'.#.
~.'.....#.~♣♣♣♣♣♣♣♣♣♣♣♣♣♣♣♣PP##.#
~♣♣♣♣♣♣♣#..♣♣ ♣♣♣##+# ###'♣♣♣♣♣
♣♣♣♣.##..## ♣...##.##.# $
♣♣.##.##$##+ ♣..#.##.@§#
♣♣.##.##§o# ♣♣.##.##### ♣.....#
####### $


You could see Urug.

Vanquished Creatures
  Snorg (D)
  A centaur warrior (D)
  A deep elf pyromancer (D)
  A lindwurm (D)
  2 cane toads (D)
  2 unseen horrors (D)
  A komodo dragon (D)
  A rime drake (D)
  2 tyrant leeches (D)
  2 blink frogs (D)
  A shadow (D)
  3 redbacks (D)
  A spatial vortex (D)
  A swamp drake (D)
  2 centaurs (D)
  An earth elemental (D)
  3 wandering mushrooms (D)
  A scorpion (D)
  A necrophage (D)
  A water elemental (D)
  A jelly (D)
  Jessica (D)
  A necromancer (D)
  A wizard (D)
  3 humans (D)
  A kobold demonologist (D)
  2 endoplasms (D)
  A rat (D)
40 creatures vanquished.

Notes
Turn   | Place    | Note
-------+----------+-------------------------------------------
     0 | D        | mhtbhm the Draconian Gladiator began the quest for the Orb.
     0 | D        | Reached XP level 1. HP: 17/17 MP: 1/1
    92 | D        | Noticed Jessica
    95 | D        | Killed Jessica
    96 | D        | Reached skill level 4 in Long Blades
    96 | D        | Reached XP level 2. HP: 23/26 MP: 2/2
    96 | D        | Reached XP level 3. HP: 28/31 MP: 3/3
   155 | D        | Reached skill level 5 in Long Blades
   285 | D        | Noticed a scorpion
   301 | D        | Killed a scorpion
   302 | D        | Reached skill level 6 in Long Blades
   302 | D        | Reached skill level 5 in Dodging
   302 | D        | Reached XP level 4. HP: 15/40 MP: 4/4
   504 | D        | Noticed a water elemental
   521 | D        | Killed a water elemental
   522 | D        | Reached skill level 7 in Long Blades
   522 | D        | Reached XP level 5. HP: 22/47 MP: 5/5
   526 | D        | Found a radiant altar of Vehumet.
   526 | D        | Found a shimmering blue altar of Sif Muna.
   526 | D        | Found an ancient bone altar of Kikubaaqudgha.
   533 | D        | Reached skill level 5 in Fighting
   539 | D        | Reached skill level 8 in Long Blades
   724 | D        | Noticed a shadow
   732 | D        | Killed a shadow
   733 | D        | Reached skill level 9 in Long Blades
   733 | D        | Reached XP level 6. HP: 50/57 MP: 6/6
   854 | D        | Found a blossoming altar of Fedhas.
   854 | D        | Found a stormy altar of Qazlal.
   854 | D        | Found a snail-covered altar of Cheibriados.
   854 | D        | Found a burning altar of Makhleb.
   854 | D        | Found a shimmering altar of Xom.
   855 | D        | Found a hazy altar of Hepliaklqana.
   855 | D        | Found an opulent altar of Gozag.
   855 | D        | Found a sparkling altar of Nemelex Xobeh.
   855 | D        | Found a corrupted altar of Lugonu.
   855 | D        | Found a viscous altar of Jiyva.
   855 | D        | Noticed a spatial vortex
   860 | D        | Became a worshipper of Gozag Ym Sagoz the Greedy
   871 | D        | Killed a spatial vortex
   872 | D        | Reached skill level 10 in Long Blades
   872 | D        | Reached skill level 1 in Stealth
   922 | D        | Found a shadowy altar of Dithmenos.
   930 | D        | Your scales start taking on an icy white colour.
   930 | D        | Reached XP level 7. HP: 66/66 MP: 7/7
   930 | D        | Gained mutation: Your flesh is cold resistant. (rC+) [White
                  | Draconian growth]
   933 | D        | Reached skill level 11 in Long Blades
   933 | D        | Found a basalt altar of Yredelemnul.
   933 | D        | Found a sacrificial altar of Ru.
   966 | D        | Found a glowing silver altar of Zin.
   967 | D        | Found a glowing golden altar of the Shining One.
   967 | D        | Found a white marble altar of Elyvilon.
   967 | D        | Noticed a deep elf pyromancer
   983 | D        | Noticed a fire elemental
   983 | D        | Killed a deep elf pyromancer
   984 | D        | Reached skill level 12 in Long Blades
   984 | D        | Reached XP level 8. HP: 58/75 MP: 8/8
  1067 | D        | Found a hide-covered altar of Uskayaw.
  1067 | D        | Found an iron altar of Okawaru.
  1068 | D        | Found a bloodstained altar of Trog.
  1068 | D        | Found an ornate altar of the Wu Jian Council.
  1075 | D        | Reached skill level 13 in Long Blades
  1150 | D        | Noticed Snorg
  1215 | D        | Killed Snorg
  1216 | D        | Reached skill level 10 in Fighting
  1216 | D        | Reached skill level 14 in Long Blades
  1216 | D        | Reached skill level 1 in Evocations
  1442 | D        | Reached XP level 9. HP: 31/86 MP: 9/9
  1702 | D        | Noticed a centaur warrior
  1717 | D        | Killed a centaur warrior
  1718 | D        | Reached skill level 15 in Long Blades
  2104 | D        | Killed an unseen horror
  2105 | D        | Reached skill level 10 in Dodging
  2107 | D        | Killed an unseen horror
  2319 | D        | Noticed a wandering mushroom
  2323 | D        | Noticed a wandering mushroom
  2326 | D        | Noticed a wandering mushroom
  2770 | D        | Reached skill level 16 in Long Blades
  2879 | D        | Noticed a cane toad
  2879 | D        | Noticed a komodo dragon
  2879 | D        | Noticed a cane toad
  2881 | D        | Killed a cane toad
  2885 | D        | Killed a cane toad
  2885 | D        | Killed a komodo dragon
  2886 | D        | Reached skill level 5 in Throwing
  2886 | D        | Reached XP level 10. HP: 61/99 MP: 10/10
  4159 | D        | Noticed a lindwurm
  4169 | D        | Killed a lindwurm
  4170 | D        | Reached skill level 5 in Stealth
  4268 | D        | Noticed Urug
  4277 | D        | Demolished by Urug

Illustrated notes

Levels and vault maps discovered:
D:        dungeon_sprint_mu [sprint_mu_entry_forest, sprint_mu_temple_rooms,
          sprint_mu_d1_horrors, sprint_mu_d2_genie, sprint_mu_d3_branching,
          sprint_mu_orc_legion, sprint_mu_elf_gauntlet, sprint_mu_hive_nellie,
          sprint_mu_lair_fedhas, sprint_mu_vaults_butterflies,
          sprint_mu_slime_circle, sprint_mu_shoals_kraken,
          sprint_mu_snake_twists, sprint_mu_blade_basic,
          sprint_mu_crypt_chambers, sprint_mu_tomb_spiral,
          sprint_mu_vestibule_basic, sprint_mu_gehenna_hellfire,
          sprint_mu_dis_giant, sprint_mu_tartarus_statrot,
          sprint_mu_cocytus_islands, sprint_mu_zot1]

Skill      XL: |  1  2  3  4  5  6  7  8  9 10 |
---------------+-------------------------------+-----
Dodging        | 4 5 6 7 8 9 11 12 | 12.1
Fighting       | 3 4 6 7 8 10 12 13 | 13.9
Long Blades    | 4 6 7 9 10 12 14 16 | 16.6
Throwing       | 2 3 4 5 |  5.0
Stealth        | 1 2 3 5 |  5.5
Evocations     | 1 2 |  2.6

Action                   |  1- 3 |  4- 6 |  7- 9 | 10-12 || total
-------------------------+-------+-------+-------+-------++-------
Melee: Long sword        |    32 |    46 |   148 |   125 ||   351
       Tailslap          |     4 |    10 |    22 |    14 ||    50
       Punch             |       |       |     4 |       ||     4
Throw: Throwing net      |       |       |     3 |       ||     3
       Javelin           |       |       |     1 |       ||     1
Invok: Potion Petition   |       |       |     2 |     1 ||     3
 Abil: Breathe Frost     |       |       |    10 |     5 ||    15
Evoke: Condenser vane    |       |       |     4 |     1 ||     5
  Use: Potion            |     1 |     2 |     3 |       ||     6
       Scroll            |       |     3 |       |     1 ||     4
 Stab: Confused          |       |       |     1 |     2 ||     3
       Sleeping          |       |       |       |     5 ||     5
Armor: Skin              |     5 |     3 |    38 |    13 ||    59
Dodge: Dodged            |    22 |    20 |    80 |    69 ||   191

Table legend: (Time is in decaauts)
 A = Elapsed time spent in this place.
 B = Non-inter-level travel time spent in this place.
 C = Inter-level travel time spent in this place.
 D = Time resting spent in this place.
 E = Time spent auto-exploring this place.
 F = Levels seen in this place.
 G = Mean time per level.
                   A        B        C        D        E       F      G
               +--------+--------+--------+--------+--------+-----+--------+
         Total |   4220 |   4220 |      0 |   3366 |     56 |   1 | 4220.0 |
       Dungeon |   4220 |   4220 |      0 |   3366 |     56 |   1 | 4220.0 |
               +--------+--------+--------+--------+--------+-----+--------+

Top non-repeatable levels by time:
       D: 4220 daAuts
